 Dungeon Crawl Stone Soup version 0.24.0-1-gfbc8707 (webtiles) character file.

Game seed: 17431432601832154654, levelgen mode: deterministic

9629 Illumine the Blocker (level 11, -8/89 HPs)
             Began as a Gnoll Fighter on Nov 15, 2019.
             Was a High Priest of Okawaru.
             Splashed by an oklob plant's acid (17 damage)
             ... on level 1 of the Lair of Beasts.
             The game lasted 00:15:13 (9019 turns).

Illumine the Blocker (Gnoll Fighter)                Turns: 9019, Time: 00:15:14

Health: -8/89      AC: 11    Str: 22    XL:     11   Next: 49%
Magic:  20/20      EV: 15    Int: 12    God:    Okawaru [*****.]
Gold:   413        SH:  0    Dex: 15    Spells: 22/22 levels left

rFire    + . .     SeeInvis .   L - +2 battleaxe (distort) (curse)
rCold    . . .     Gourm    .   (shield currently unavailable)
rNeg     . . .     Faith    .   E - +3 ring mail of the Gloaming {rElec Int+2 Stlth+}
rPois    +         Spirit   .   F - +0 helmet
rElec    +         Reflect  .   g - +0 cloak
rCorr    .         Harm     .   (no gloves)
MR       .....                  x - +1 pair of boots
Stlth    ++++......             z - amulet of the acrobat
HPRegen  0.24/turn              i - ring of protection from fire
MPRegen  0.17/turn              o - ring of poison resistance

@: corroded, invisible
A: distributed training, fangs 1, strong nose
a: Heroism, Finesse, Renounce Religion


You were on level 1 of the Lair of Beasts.
You worshipped Okawaru.
Okawaru was extremely pleased with you.
You were hungry.

You visited 3 branches of the dungeon, and saw 13 of its levels.

You collected 413 gold pieces.

Inventory:

Hand Weapons
 a - a +0 war axe
 j - a cursed +0 spear
 y - a +0 shortbow
 G - a +0 arbalest
 L - a cursed +2 battleaxe of distortion (weapon)
Missiles
 t - 10 boomerangs (quivered)
 w - 43 poisoned darts
 R - 5 javelins
Armour
 c - a +0 shield
 e - a +0 chain mail
 g - a +0 cloak (worn)
 x - a +1 pair of boots (worn)
 E - the +3 ring mail of the Gloaming (worn) {rElec Int+2 Stlth+}
   (You found it on level 6 of the Dungeon)

   It affects your intelligence (+2).
   It insulates you from electricity.
   It makes you more stealthy.
 F - a +0 helmet (worn)
Jewellery
 i - a ring of protection from fire (left hand)
 o - a ring of poison resistance (right hand)
 r - an uncursed ring of wizardry
 z - an amulet of the acrobat (around neck)
Wands
 v - a wand of flame (23)
 A - a wand of acid (9)
 C - a wand of polymorph (8)
 H - a wand of iceblast (9)
 M - a wand of scattershot (3)
 N - a wand of random effects (20)
 P - a wand of enslavement (7)
 Q - a wand of disintegration (9)
Scrolls
 b - 3 scrolls of magic mapping
 k - a scroll of immolation
 l - a scroll of blinking {unknown}
 m - 2 scrolls of remove curse
 n - 4 scrolls of teleportation {unknown}
 p - 2 scrolls of noise
 q - a scroll of amnesia
 s - 3 scrolls of enchant armour
 B - a scroll of brand weapon {unknown}
 J - 3 scrolls of fear
 O - 2 scrolls of enchant weapon {unknown}
Potions
 d - a potion of magic
 h - a potion of invisibility
 u - 3 potions of curing
 D - 3 potions of might
 I - a potion of ambrosia
 K - a potion of berserk rage
 S - a potion of brilliance
Comestibles
 f - 16 rations


   Skills:
 + Level 9.1 Fighting
 + Level 6.2 Short Blades
 + Level 6.2 Long Blades
 + Level 7.8 Axes
 + Level 6.2 Maces & Flails
 + Level 6.2 Polearms
 + Level 6.2 Staves
 + Level 6.2 Slings
 + Level 6.2 Bows
 + Level 6.2 Crossbows
 + Level 6.2 Throwing
 + Level 9.1 Armour
 + Level 6.2 Dodging
 + Level 6.2 Stealth
 + Level 9.1 Shields
 + Level 6.2 Unarmed Combat
 + Level 6.2 Spellcasting
 + Level 5.1 Conjurations
 + Level 5.1 Hexes
 + Level 5.1 Charms
 + Level 5.1 Summonings
 + Level 5.1 Necromancy
 + Level 5.1 Translocations
 + Level 5.1 Transmutations
 + Level 5.1 Fire Magic
 + Level 5.1 Ice Magic
 + Level 5.1 Air Magic
 + Level 5.1 Earth Magic
 + Level 5.1 Poison Magic
 + Level 6.8 Invocations
 + Level 6.2 Evocations


You had 22 spell levels left.
You didn't know any spells.
Your spell library contained the following spells:

 Spells                   Type           Power        Failure   Level  Hunger
 Shock                    Conj/Air       ###.         3%          1    None
 Ensorcelled Hibernation  Hex/Ice        ###...       4%          2    ##.....
 Swiftness                Chrm/Air       ###.....     4%          2    ##.....
 Static Discharge         Conj/Air       ###.....     9%          3    ###....
 Airstrike                Air            ###.......   30%         4    ####...
 Borgnjor's Vile Clutch   Necr/Erth      ###.......   63%         5    ######.
 Lightning Bolt           Conj/Air       ###.......   63%         5    ######.
 Silence                  Hex/Air        ###.......   63%         5    ######.
 Darkness                 Hex            ###.......   99%         6    #######
 Shadow Creatures         Summ           N/A          99%         6    #######


Dungeon Overview and Level Annotations

Branches:
Dungeon (11/15)            Temple (1/1) D:4            Lair (1/6) D:11
    Orc: D:9-12

Altars:
Ashenzari
Cheibriados
Dithmenos
Elyvilon
Gozag
Hepliaklqana
Kikubaaqudgha
Nemelex Xobeh
Okawaru
Qazlal
Sif Muna
Trog
Uskayaw
Wu Jian
Xom
Yredelemnul
Zin

Shops:
D:4 ?   D:9 *

Annotations:
D:7 3 runed translucent doors, gilim's ghost, novice NaFi
D:9 exclusion: orange crystal statue
Lair:1 exclusion: oklob plant
Abyss:1 Erica


Innate Abilities, Weirdness & Mutations

Your experience applies equally to all skills.
You have very sharp teeth.
Your uncanny sense of smell can sniff out nearby items.


Message History

a yak corpse x2
Unknown command.
The oklob plant spits acid at you. The splash of acid hits you!
You are splashed with acid!
* * * LOW HITPOINT WARNING * * *
The oklob plant spits acid at you. The splash of acid hits you!
* * * LOW HITPOINT WARNING * * *
You are splashed with acid!
* * * LOW HITPOINT WARNING * * *
As you read the scroll labeled JYOJU GETISE, it crumbles to dust.
The creatures around you are filled with an inner flame!
It was a scroll of immolation.
You feel better.
You fade into invisibility!
The oklob plant spits acid at you. The splash of acid hits you.
* * * LOW HITPOINT WARNING * * *
The acid corrodes you!
You are splashed with acid!
You die...

##.## #.........# #..###
###.##.P.## ##...## #..#
#### ######..### #(##
###.###.+#..# #††# #
#...........# ##.##.###
#...........####%......##
#...........##..........#
#†..........#...@......##
............#.?........#
#...........+.._P.....$#
#...........###........#
###..#.###.## ###..###P#
##...# .# #..# ## .....
## ##.# #...... +P ....


You could see an oklob plant (inner flame).

Vanquished Creatures
  2 hydras (Lair:1)
  A two-headed ogre (D:10)
  An unseen horror (D:11)
  An ugly thing (D:11)
  A spiny frog (Lair:1)
  A spriggan (D:7)
  4 yaks (Lair:1)
  A hungry ghost (D:8)
  Grum (D:8)
  2 water moccasins
  3 porcupines (Lair:1)
  An orc warrior (D:7)
  5 sky beasts
  5 ice beasts
  2 necrophages
  3 phantoms
  4 ogres
  A centaur (D:8)
  A wolf (D:8)
  2 crocodiles (Lair:1)
  6 bullfrogs
  3 scorpions
  A wyvern skeleton (D:6)
  2 wights (D:7)
  2 howler monkeys
  3 crimson imps
  A bullfrog zombie (D:10)
  4 jellies
  7 orc priests
  5 hounds
  A centaur skeleton (D:4)
  3 iguanas
  11 orc wizards
  A gnoll shaman (D:9)
  4 worker ants
  2 killer bee zombies
  2 hound skeletons (D:5)
  A howler monkey zombie (D:7)
  5 gnolls
  7 adders
  4 shadow imps
  2 oozes (D:3)
  2 adder zombies
  3 adder skeletons
  2 worms
  A dart slug (D:1)
  7 leopard geckos
  41 orcs
  5 giant cockroaches
  5 goblins
  7 hobgoblins
  10 jackals
  4 kobolds
  4 quokkas
  A ball python (D:3)
  4 bats
  6 frilled lizards
  2 leopard gecko skeletons
  A quokka skeleton (D:5)
  A quokka zombie (D:9)
  6 rats
  A butterfly (D:4)
232 creatures vanquished.

Vanquished Creatures (others)
  A water moccasin (D:11)
  A wolf (D:8)
  A wyvern skeleton (D:9)
  A wight (D:8)
  2 gnolls
  A quokka (D:6)
  A fungus (Lair:1)
  5 plants (Lair:1)
13 creatures vanquished.

Grand Total: 245 creatures vanquished

Notes
Turn   | Place    | Note
-------+----------+-------------------------------------------
     0 | D:1      | Illumine the Gnoll Fighter began the quest for the Orb.
     0 | D:1      | Reached XP level 1. HP: 23/23 MP: 1/1
   221 | D:1      | Reached XP level 2. HP: 29/29 MP: 2/2
   426 | D:1      | Reached XP level 3. HP: 32/35 MP: 3/3
   901 | D:4      | Found a staircase to the Ecumenical Temple.
   976 | Temple   | Entered the Ecumenical Temple
  1083 | Temple   | Became a worshipper of Warmaster Okawaru
  1167 | D:3      | Noticed a scorpion
  1174 | D:3      | Killed a scorpion
  1174 | D:3      | Reached skill level 1 in Short Blades
  1174 | D:3      | Reached skill level 1 in Long Blades
  1174 | D:3      | Reached skill level 1 in Maces & Flails
  1174 | D:3      | Reached skill level 1 in Polearms
  1174 | D:3      | Reached skill level 1 in Staves
  1174 | D:3      | Reached skill level 1 in Slings
  1174 | D:3      | Reached skill level 1 in Bows
  1174 | D:3      | Reached skill level 1 in Crossbows
  1174 | D:3      | Reached skill level 1 in Throwing
  1174 | D:3      | Reached skill level 1 in Dodging
  1174 | D:3      | Reached skill level 1 in Stealth
  1174 | D:3      | Reached skill level 1 in Unarmed Combat
  1174 | D:3      | Reached skill level 1 in Spellcasting
  1174 | D:3      | Reached skill level 1 in Invocations
  1174 | D:3      | Reached skill level 1 in Evocations
  1174 | D:3      | Reached XP level 4. HP: 41/41 MP: 5/5
  1185 | D:3      | Reached skill level 1 in Conjurations
  1185 | D:3      | Reached skill level 1 in Hexes
  1185 | D:3      | Reached skill level 1 in Charms
  1185 | D:3      | Reached skill level 1 in Summonings
  1185 | D:3      | Reached skill level 1 in Necromancy
  1185 | D:3      | Reached skill level 1 in Translocations
  1185 | D:3      | Reached skill level 1 in Transmutations
  1185 | D:3      | Reached skill level 1 in Fire Magic
  1185 | D:3      | Reached skill level 1 in Ice Magic
  1185 | D:3      | Reached skill level 1 in Air Magic
  1185 | D:3      | Reached skill level 1 in Earth Magic
  1185 | D:3      | Reached skill level 1 in Poison Magic
  1337 | D:3      | Reached XP level 5. HP: 44/47 MP: 6/6
  1614 | D:4      | Found Ukou's Magic Scroll Shoppe.
  1887 | D:4      | Reached * piety under Okawaru
  1887 | D:4      | Reached XP level 6. HP: 53/53 MP: 8/8
  2125 | D:5      | Entered Level 5 of the Dungeon
  2335 | D:5      | Noticed a sky beast
  2342 | D:5      | Reached skill level 5 in Axes
  2354 | D:5      | Killed a sky beast
  2482 | D:5      | Reached XP level 7. HP: 45/59 MP: 10/10
  2844 | D:5      | Reached ** piety under Okawaru
  3314 | D:6      | Got a bloodstained ring mail
  3316 | D:6      | Identified the +3 ring mail of the Gloaming {rElec Int+2
                  | Stlth+} (You found it on level 6 of the Dungeon)
  3362 | D:6      | Reached XP level 8. HP: 36/67 MP: 10/12
  3847 | D:6      | Found a white marble altar of Elyvilon.
  4127 | D:6      | Found an ornate altar of the Wu Jian Council.
  4386 | D:7      | Reached *** piety under Okawaru
  4755 | D:7      | Reached XP level 9. HP: 41/72 MP: 14/14
  5025 | D:7      | Found a shimmering blue altar of Sif Muna.
  5064 | D:7      | Found a runed translucent gate.
  5065 | D:7      | Found a runed translucent gate.
  5066 | D:7      | Found a runed translucent gate.
  5068 | D:7      | Noticed gilim's ghost (novice NaFi)
  5705 | D:8      | Noticed Erica
  5855 | D:8      | Banished Erica
  5985 | D:8      | Found a basalt altar of Yredelemnul.
  5986 | D:8      | Found a glowing silver altar of Zin.
  6017 | D:8      | Noticed Grum
  6046 | D:8      | Reached skill level 5 in Invocations
  6340 | D:8      | Found a shadowy altar of Dithmenos.
  6397 | D:8      | Received a gift from Okawaru
  6397 | D:8      | Reached XP level 10. HP: 47/79 MP: 17/17
  6771 | D:8      | Killed Grum
  6771 | D:8      | Reached **** piety under Okawaru
  6977 | D:9      | Reached skill level 5 in Short Blades
  6977 | D:9      | Reached skill level 5 in Long Blades
  6977 | D:9      | Reached skill level 5 in Maces & Flails
  6977 | D:9      | Reached skill level 5 in Polearms
  6977 | D:9      | Reached skill level 5 in Staves
  6977 | D:9      | Reached skill level 5 in Slings
  6977 | D:9      | Reached skill level 5 in Bows
  6977 | D:9      | Reached skill level 5 in Crossbows
  6977 | D:9      | Reached skill level 5 in Throwing
  6977 | D:9      | Reached skill level 5 in Dodging
  6977 | D:9      | Reached skill level 5 in Stealth
  6977 | D:9      | Reached skill level 5 in Unarmed Combat
  6977 | D:9      | Reached skill level 5 in Spellcasting
  6977 | D:9      | Reached skill level 5 in Evocations
  7017 | D:9      | Noticed an orange crystal statue
  7082 | D:9      | Received a gift from Okawaru
  7482 | D:9      | Found an opulent altar of Gozag.
  7485 | D:9      | Found Gozag's Platinum Reserve.
  7573 | D:10     | Entered Level 10 of the Dungeon
  7695 | D:10     | Noticed a two-headed ogre
  7703 | D:10     | Killed a two-headed ogre
  7962 | D:10     | Noticed a five-headed hydra
  8084 | D:11     | Killed an unseen horror
  8526 | D:11     | Noticed a cyan ugly thing
  8534 | D:11     | Killed a cyan ugly thing
  8534 | D:11     | Reached ***** piety under Okawaru
  8534 | D:11     | Reached XP level 11. HP: 69/86 MP: 19/19
  8558 | D:11     | Found a staircase to the Lair.
  8647 | Lair:1   | Entered Level 1 of the Lair of Beasts
  8661 | Lair:1   | Noticed an eight-headed hydra
  8685 | Lair:1   | Killed an eight-headed hydra
  8911 | Lair:1   | Reached skill level 5 in Conjurations
  8911 | Lair:1   | Reached skill level 5 in Hexes
  8911 | Lair:1   | Reached skill level 5 in Charms
  8911 | Lair:1   | Reached skill level 5 in Summonings
  8911 | Lair:1   | Reached skill level 5 in Necromancy
  8911 | Lair:1   | Reached skill level 5 in Translocations
  8911 | Lair:1   | Reached skill level 5 in Transmutations
  8911 | Lair:1   | Reached skill level 5 in Fire Magic
  8911 | Lair:1   | Reached skill level 5 in Ice Magic
  8911 | Lair:1   | Reached skill level 5 in Air Magic
  8911 | Lair:1   | Reached skill level 5 in Earth Magic
  8911 | Lair:1   | Reached skill level 5 in Poison Magic
  8943 | Lair:1   | Noticed a five-headed hydra
  8946 | Lair:1   | Killed a five-headed hydra
  8946 | Lair:1   | Received a gift from Okawaru
  8996 | Lair:1   | Found a shadowy altar of Dithmenos.
  8996 | Lair:1   | Noticed an oklob plant
  9005 | Lair:1   | Received a gift from Okawaru
  9016 | Lair:1   | HP: 3/88 [acid (13)]
  9019 | Lair:1   | Splashed by an oklob plant's acid

Levels and vault maps discovered:
D:1:      ebering_trefoil_twist, layout_loops_cross, grunt_decor_mini_mirrors
D:2:      layout_loops_ring, chequers_ecumenical_altar_island,
          uniq_crazy_yiuf_cottage
D:3:      layout_rooms
D:4:      layout_loops_ring, minmay_temple_entry_butterflies, serial_shops,
          kennysheep_little_box
D:5:      minmay_chambers_of_threes, layout_basic, first_ration,
          minmay_fountain_box, hangedman_decor_points
D:6:      layout_loops_ring, marbit_many_paths, elyvilon_altar_4,
          dk_noncrumbling_3, small_statue_intersection, uniq_menkaure
D:7:      layout_rooms, old_standard_altar, gammafunk_ghost_necromancy,
          chequers_mini_garden, the_bakery
D:8:      layout_loops_ring, gammafunk_temple_overflow_statue, basic_altar,
          nrook_loot_triangle, uniq_erica, uniq_grum
D:9:      layout_roguey, nicolae_gozag_zags_fifth_avenue, minivault_16
D:10:     layout_layer_cave, david_orc_1_choice
D:11:     layout_grid_maze, lair_entry_dummy
Temple:   regret_index_temple_sphere_string
Lair:1:   layout_roguey, special_room, lemuel_oklob_altar

Skill      XL: |  1  2  3  4  5  6  7  8  9 10 11 |
---------------+----------------------------------+-----
Short Blades   | 1 2 3 4 5 6 |  6.2
Long Blades    | 1 2 3 4 5 6 |  6.2
Maces & Flails | 1 2 3 4 5 6 |  6.2
Polearms       | 1 2 3 4 5 6 |  6.2
Staves         | 1 2 3 4 5 6 |  6.2
Slings         | 1 2 3 4 5 6 |  6.2
Bows           | 1 2 3 4 5 6 |  6.2
Crossbows      | 1 2 3 4 5 6 |  6.2
Throwing       | 1 2 3 4 5 6 |  6.2
Dodging        | 1 2 3 4 5 6 |  6.2
Stealth        | 1 2 3 4 5 6 |  6.2
Unarmed Combat | 1 2 3 4 5 6 |  6.2
Spellcasting   | 1 2 3 4 5 6 |  6.2
Invocations    | 1 2 3 4 5 6 |  6.8
Evocations     | 1 2 3 4 5 6 |  6.2
Conjurations   | 1 2 3 4 5 |  5.1
Hexes          | 1 2 3 4 5 |  5.1
Charms         | 1 2 3 4 5 |  5.1
Summonings     | 1 2 3 4 5 |  5.1
Necromancy     | 1 2 3 4 5 |  5.1
Translocations | 1 2 3 4 5 |  5.1
Transmutations | 1 2 3 4 5 |  5.1
Fire Magic     | 1 2 3 4 5 |  5.1
Ice Magic      | 1 2 3 4 5 |  5.1
Air Magic      | 1 2 3 4 5 |  5.1
Earth Magic    | 1 2 3 4 5 |  5.1
Poison Magic   | 1 2 3 4 5 |  5.1
Axes           | 5 6 7 |  7.8
Fighting       | 7 8 9 |  9.1
Armour         | 7 8 9 |  9.1
Shields        | 7 8 9 |  9.1

Action                   |  1- 3 |  4- 6 |  7- 9 | 10-12 || total
-------------------------+-------+-------+-------+-------++-------
Melee: War axe           |    85 |   107 |   295 |       ||   487
       Bite              |     7 |    15 |    59 |    27 ||   108
       Battleaxe         |       |       |    86 |   168 ||   254
Throw: Boomerang         |       |       |     3 |     7 ||    10
Invok: Heroism           |       |       |     2 |     1 ||     3
Evoke: Wand              |       |       |     4 |     4 ||     8
  Use: Potion            |       |     1 |       |     2 ||     3
       Scroll            |       |       |    14 |     3 ||    17
 Stab: Sleeping          |       |       |     6 |     7 ||    13
       Distracted        |       |       |       |     1 ||     1
  Eat: Chunk             |       |     3 |     7 |     9 ||    19
       Ration            |       |     1 |     2 |       ||     3
Armor: Chain mail        |    43 |    43 |    47 |       ||   133
       Ring mail         |       |       |   138 |    58 ||   196
Dodge: Dodged            |    12 |    32 |   158 |   126 ||   328
Block: Shield            |    36 |    67 |   166 |       ||   269
